 Dungeon Crawl Stone Soup version 0.31-a0-358-gac0dbeb3ab (webtiles) character file.

Game seed: 16081470343055081088

109 AdnanSaban the Covered (level 4, -3/29 HPs)
             Began as a Gargoyle Fighter on July 26, 2023.
             Killed by divine providence
             ... invoked by an orc priest
              (13 damage)
             ... on level 3 of the Dungeon.
             The game lasted 00:02:02 (2335 turns).

AdnanSaban the Covered (Gargoyle Fighter)           Turns: 2335, Time: 00:02:03

Health: -3/29      AC: 13    Str: 21    XL:     4   Next: 90%
Magic:  4/4        EV:  7    Int:  9    God:
Gold:   182        SH: 10    Dex:  9    Spells: 3/3 levels left

rFire   . . .        a - +0 flail
rCold   . . .        o - +2 kite shield
rNeg    + . .        j - +0 chain mail
rPois   ∞            (no helmet)
rElec   +            (no cloak)
rCorr   .            (no gloves)
SInv    .            (no boots)
Will    .....        (no amulet) Stlth
                     (no ring)
HPRegen 0.24/turn    (no ring)
MPRegen 0.09/turn

%: no passive effects
@: no status effects
A: sickness immunity, AC +3, negative energy resistance 1, electricity
resistance, torment resistance 1, petrification resistance
a: no special abilities


You were on level 3 of the Dungeon.
You visited 1 branch of the dungeon, and saw 3 of its levels.

You collected 182 gold pieces.

Inventory:

Hand Weapons
 a - a +0 flail (weapon)
Missiles
 l - 5 boomerangs (quivered)
Armour
 j - a +0 chain mail (worn)
 o - a +2 kite shield (worn)
Scrolls
 b - a scroll of enchant armour {unknown}
 c - a scroll of poison {unknown}
 f - 6 scrolls of identify {unknown}
 g - 3 scrolls of immolation {unknown}
 h - a scroll of teleportation {unknown}
 i - a scroll of blinking {unknown}
 k - a scroll of silence {unknown}
 n - a scroll of enchant weapon {unknown}
Potions
 d - a potion of might
 e - a potion of curing {unknown}
 m - a potion of experience {unknown}


   Skills:
 + Level 3.9 Fighting
 + Level 3.4 Maces & Flails
 + Level 4.1 Armour
 + Level 0.1 Dodging
 + Level 3.8 Shields


You had 3 spell levels left.
You didn't know any spells.
Your spell library contained the following spells:

 Spells                   Type           Power      Damage    Failure   Level
 Magic Dart               Conj           0%         1d3       100%        1
 Call Imp                 Summ           0%         N/A       100%        2
 Mephitic Cloud           Conj/Pois/Air  0%         N/A       100%        3


Dungeon Overview and Level Annotations

Branches:
Dungeon (3/15)

Altars:

Shops:
D:3 ?[*


Innate Abilities, Weirdness & Mutations

You are immune to sickness and miasma.
Your stone body is resilient. (AC +3)
You are immune to poison.
You resist negative energy. (rN+)
You are resistant to electric shocks. (rElec)
You are resistant to unholy torment.
You are immune to petrification.


Message History

The hobgoblin hits you. The orc wizard completely misses you.
The orc wizard attacks as you move away!
The orc wizard hits you but does no damage.
The orc wizard points at you and mumbles some strange words.
You resist with some effort.
The orc priest mumbles some strange prayers to Beogh against you.
Beogh smites you!
* * * LOW HITPOINT WARNING * * *
The orc priest attacks as you move away!
The orc priest barely misses you.
You feel less confused. The hobgoblin hits you.
* * * LOW HITPOINT WARNING * * *
The orc wizard casts a spell at you. You resist with some effort.
The orc wizard barely misses you.
There is an open door here.
An orc comes into view. It is wielding a +0 flail.
The orc shouts!
The hobgoblin attacks as you move away!
The hobgoblin hits you but does no damage.
You thump the orc!
You kill the orc!
You block the hobgoblin's attack. The hobgoblin attacks as you move away!
You block the hobgoblin's attack.
Things that are here:
a +0 flail; an orc corpse The hobgoblin attacks as you move away!
The hobgoblin hits you but does no damage.
The hobgoblin attacks as you move away!
The hobgoblin hits you but does no damage.
The hobgoblin attacks as you move away! You block the hobgoblin's attack.
The hobgoblin attacks as you move away!
The hobgoblin hits you but does no damage.
The hobgoblin attacks as you move away! You block the hobgoblin's attack.
The hobgoblin attacks as you move away!
The hobgoblin hits you but does no damage.
The orc priest invokes the aid of Beogh against you.
Beogh smites you!
You die...

....# #.###...o)....###.# ..#.#
#.#.######........ ..#.####
#o## ##...###.# #......# #.#
#.o....... '.#.##.# #.#
##...#####. #...##.# #o#
##........ ....##.# #g#
#.####### ....##.# #.# #.#
.#.###.# #@# ##'## .......#
#...# ##...## ##.##### ####
#...# ##.....## #..# ##..#
#..####.).....## ...#######..##
##..##.........#
.............###....+.........+
...######.#...#...#.#.........#
#..# ####.†...#####.......##
##.## ##._.## ##.....##


You could see an orc priest, an orc wizard and a hobgoblin.

Vanquished Creatures
  An orc wizard (D:3)
  2 adders (D:3)
  2 worms
  A dart slug (D:1)
  2 orcs
  7 ball pythons
  7 bats
  7 endoplasms
  2 giant cockroaches
  8 goblins
  3 hobgoblins (D:2)
  2 jackals (D:1)
  3 kobolds
  A frilled lizard (D:2)
  A quokka skeleton (D:3)
  2 rats (D:1)
51 creatures vanquished.

Notes
Turn   | Place    | Note
-------+----------+-------------------------------------------
     0 | D:1      | AdnanSaban the Gargoyle Fighter began the quest for the
                  | Orb.
     0 | D:1      | Reached XP level 1. HP: 14/14 MP: 1/1
   182 | D:1      | Reached XP level 2. HP: 18/19 MP: 2/2
   689 | D:1      | Reached XP level 3. HP: 24/24 MP: 3/3
  1849 | D:3      | Found Suvas's Magic Scroll Shoppe.
  1965 | D:3      | Reached XP level 4. HP: 29/29 MP: 4/4
  2058 | D:3      | Found Qewig's General Store.
  2187 | D:3      | Found Atzeh's Antique Armour Shoppe.
  2228 | D:3      | Found a faded altar of an unknown god.
  2238 | D:3      | Reached skill level 4 in Armour
  2335 | D:3      | Killed from afar by an orc priest

Illustrated notes

Levels and vault maps discovered:
D:1:      dpeg_arrival_subterranean_lakeside_camping, layout_loops_corners
D:2:      layout_basic, serial_aquarium, aquarium_bridge_square
          [aquarium_subvault_window, aquarium_subvault_bridge,
          aquarium_subvault_window, aquarium_subvault_wall],
          aquarium_window_fake, aquarium_window_corridor_3, aquarium_window_1,
          aquarium_window_1, aquarium_view_2c, aquarium_view_2f,
          aquarium_pool_1, chequers_serial_rivers_small_3
D:3:      layout_loops_corners, serial_undead, serial_undead_e, serial_undead_e,
          serial_undead_e, serial_undead_f, nicolae_ecumenical_snake_handling,
          serial_shops, shop, nicolae_shop_real_fake_doors,
          nicolae_shop_hallway_stairs, nicolae_shop_trees, shop

Skill      XL: |  1  2  3  4 |
---------------+-------------+-----
Maces & Flails | 3 |  3.4
Armour         | 4 |  4.1
Fighting       | |  3.9
Dodging        | |  0.1
Shields        | |  3.8

Action                     |  1- 3 |  4- 6 || total
---------------------------+-------+-------++-------
  Melee: Flail             |   106 |    36 ||   142
 Armour: Scale mail        |    31 |       ||    31
         Chain mail        |    15 |    34 ||    49
  Dodge: Dodged            |    39 |    14 ||    53
  Block: Buckler           |    17 |       ||    17
         Kite shield       |       |    14 ||    14

Table legend: (Time is in decaauts)
 A = Elapsed time spent in this place.
 B = Non-inter-level travel time spent in this place.
 C = Inter-level travel time spent in this place.
 D = Time resting spent in this place.
 E = Time spent auto-exploring this place.
 F = Levels seen in this place.
 G = Mean time per level.
                   A        B        C        D        E       F      G
               +--------+--------+--------+--------+--------+-----+--------+
         Total |   2388 |   2307 |     81 |      0 |   1924 |   3 |  796.0 |
       Dungeon |   2388 |   2307 |     81 |      0 |   1924 |   3 |  796.0 |
               +--------+--------+--------+--------+--------+-----+--------+

Top non-repeatable levels by time:
     D:1: 1124 daAuts
     D:2: 750 daAuts
     D:3: 513 daAuts
